 Dungeon Crawl Stone Soup version 0.31-a0-257-gf185e81a89 (webtiles) character file.

Game seed: 5594191715412662308

214 qw the Shooter (level 5, -1/46 HPs)
             Began as a Minotaur Hexslinger on July 12, 2023.
             Slain by a hound zombie (2 damage)
             ... on level 4 of the Dungeon.
             The game lasted 00:00:55 (1843 turns).

qw the Shooter (Minotaur Hexslinger)                Turns: 1843, Time: 00:00:55

Health: -1/46      AC:  6    Str: 12    XL:     5   Next: 59%
Magic:  5/5        EV: 12    Int: 10    God:
Gold:   134        SH:  0    Dex: 15    Spells: 5/6 levels left

rFire   . . .        Y - +1 sling (freeze)
rCold   . . .        (no shield)
rNeg    . . .        d - +0 leather armour
rPois   .            (helmet restricted)
rElec   .            (no cloak)
rCorr   .            (no gloves)
SInv    +            s - +2 pair of boots
Will    .....        h - amulet of the acrobat
Stlth   +            k - ring of see invisible
HPRegen 0.27/turn    (no ring)
MPRegen 0.09/turn

%: acrobat
@: no status effects
A: horns 2, retaliatory headbutt
a: no special abilities


You were on level 4 of the Dungeon.
You visited 1 branch of the dungeon, and saw 4 of its levels.

You collected 134 gold pieces.


Innate Abilities, Weirdness & Mutations

You have a pair of horns on your head.
You reflexively headbutt those who attack you in melee.


   Skills:
 - Level 4.2 Fighting
 + Level 5.2 Ranged Weapons
 - Level 2.1 Dodging
 - Level 1.0 Spellcasting
 - Level 2.0 Hexes


You had 5 spell levels left.
You knew the following spells:

 Your Spells              Type           Power      Damage    Failure   Level
a - Slow                  Hex            16%        N/A       19%         1

Your spell library contained the following spells:

 Spells                   Type           Power      Damage    Failure   Level
 Inner Flame              Hex/Fire       2%         N/A       65%         3
 Portal Projectile        Hex/Tloc       4%         N/A       65%         3
 Cause Fear               Hex            2%         N/A       88%         4

Inventory:

Hand Weapons
 Y - a +1 sling of freezing (weapon)
Armour
 d - a +0 leather armour (worn)
 s - a +2 pair of boots (worn)
Jewellery
 a - a ring of ice
 h - an amulet of the acrobat (around neck)
 k - a ring of see invisible (left hand)
Scrolls
 o - a scroll of identify
Potions
 b - a potion of mutation
 c - a potion of cancellation {unknown}
 e - a potion of degeneration {unknown}
 f - a potion of invisibility {unknown}
 p - a potion of might {unknown}
 q - a potion of haste {unknown}

Dungeon Overview and Level Annotations

Branches:
Dungeon (4/15)
 Temple: D:4-7

Altars:


Message History

The sling bullet hits the water moccasin zombie.
The water moccasin zombie is severely damaged.
The hound zombie bites you but does no damage.
The water moccasin zombie closely misses you.
The hound zombie barely misses you. The scorpion zombie barely misses you.
The orc hits you but does no damage.
The hound zombie bites you but does no damage.
You shoot a sling bullet.
The sling bullet barely misses the water moccasin zombie.
The hound zombie bites you but does no damage.
The water moccasin zombie bites you. The hound zombie closely misses you.
The orc barely misses you. The scorpion zombie closely misses you.
The hound zombie closely misses you. The water moccasin zombie misses you.
You furiously retaliate!
You headbutt the water moccasin zombie. You shoot a sling bullet.
The sling bullet barely misses the water moccasin zombie.
The hound zombie bites you but does no damage.
The hound zombie barely misses you. The scorpion zombie barely misses you.
The orc hits you with a +0 whip. The water moccasin zombie bites you.
The hound zombie closely misses you. You furiously retaliate!
You headbutt the hound zombie.
The hound zombie bites you but does no damage.
The scorpion zombie barely misses you. You furiously retaliate!
You headbutt the scorpion zombie. The orc hits you with a +0 whip.
You shoot a sling bullet.
The sling bullet hits the water moccasin zombie.
The water moccasin zombie is almost destroyed.
The water moccasin zombie misses you.
The hound zombie bites you but does no damage.
The hound zombie barely misses you.
The water moccasin zombie closely misses you.
The scorpion zombie hits you. The orc barely misses you.
The scorpion zombie closely misses you. The hound zombie barely misses you.
You furiously retaliate!
You headbutt the hound zombie! You shoot a sling bullet.
The sling bullet hits the water moccasin zombie.
You destroy the water moccasin zombie!
The hound zombie bites you but does no damage.
The hound zombie bites you.
You die...

. .. ... ###.......##
#.. #####............
#..##....Z...........
#......o@Z...........
......Z)Z..##......<
...........#..).....
.###.......#........
#........<.......
#................
#$...............
##...)......##...
#..........# .[


You could see an orc, 2 hound zombies and 2 scorpion zombies.

Vanquished Creatures
  A phantom (D:4)
  A water moccasin zombie (D:4)
  A hound zombie (D:4)
  Robin (D:3)
  An adder (D:2)
  An adder zombie (D:4)
  4 worms
  4 orcs
  7 bats
  5 endoplasms
  6 giant cockroaches
  10 goblins
  11 hobgoblins
  4 jackals (D:3)
  3 kobolds
  5 quokkas
  3 ball pythons
  2 frilled lizards
  A jackal zombie (D:4)
  6 rats
77 creatures vanquished.

Notes
Turn   | Place    | Note
-------+----------+-------------------------------------------
     0 | D:1      | qw the Minotaur Hexslinger began the quest for the Orb.
     0 | D:1      | Reached XP level 1. HP: 16/16 MP: 1/1
     0 | D:1      | 0 ||| qw: Version: 0.3-a-52-g30416fa
     0 | D:1      | 0 ||| qw: Game counter: 6785
     0 | D:1      | 0 ||| qw: Melee chars always use a shield: true
     0 | D:1      | 0 ||| qw: God list: Okawaru
     0 | D:1      | 0 ||| qw: Allow faded altars: false
     0 | D:1      | 0 ||| qw: Do Orc after clearing Dungeon:15 true
     0 | D:1      | 0 ||| qw: Do second Lair branch before Depths: true
     0 | D:1      | 0 ||| qw: Lair rune preference: random
     0 | D:1      | 0 ||| qw: Goals: Normal
     0 | D:1      | 0 ||| PLANNING D:1-11
   239 | D:1      | Reached skill level 3 in Ranged Weapons
   239 | D:1      | Reached XP level 2. HP: 23/23 MP: 2/2
   243 | D:1      | Found a faded altar of an unknown god.
   710 | D:1      | 710 ||| UPGRADING to +0 leather armour.
   720 | D:1      | 720 ||| DROPPING +0 robe.
   721 | D:1      | 721 ||| UPGRADING to +2 pair of boots.
   726 | D:1      | 726 ||| UPGRADING to ring of see invisible.
   727 | D:1      | 727 ||| READING scroll labelled KANIES LEGGYO.
   728 | D:1      | 728 ||| READING scroll labelled OTAGESM ROFU.
   728 | D:1      | Identified a scroll of acquirement
   728 | D:1      | 728 ||| ACQUIRING ring of ice
   728 | D:1      | Acquired a ring of ice
   730 | D:1      | 730 ||| READING scroll labelled FAT NAANIEMIH.
   735 | D:1      | 735 ||| READING scroll labelled GEJ PEMAST.
   736 | D:1      | 736 ||| READING scroll labelled FEXKOC KEIPO.
   737 | D:1      | 737 ||| READING 2 scrolls labelled GIOMIPL FOITIRAE.
   738 | D:1      | 738 ||| READING scroll labelled DAFEOHU DEIPN.
   739 | D:1      | 739 ||| DRINKING 2 orange potions.
   773 | D:1      | 773 ||| DROPPING scroll of poison.
   774 | D:1      | 774 ||| DROPPING potion of lignification.
   790 | D:2      | 790 ||| STAIRDANCE
   831 | D:2      | Reached XP level 3. HP: 29/29 MP: 3/3
   984 | D:2      | Reached skill level 4 in Ranged Weapons
  1229 | D:2      | 1229 ||| UPGRADING to amulet of the acrobat.
  1234 | D:2      | 1234 ||| READING scroll labelled ECEOTHR YRET.
  1271 | D:3      | Reached XP level 4. HP: 36/36 MP: 4/4
  1399 | D:3      | Identified the +2 helmet "Tioschuph" {Str+5}
  1399 | D:3      | Noticed Robin
  1415 | D:3      | Killed Robin
  1416 | D:3      | Reached skill level 5 in Ranged Weapons
  1791 | D:3      | 1791 ||| DRINKING 2 bubbling ruby potions.
  1792 | D:3      | 1792 ||| READING 2 scrolls of identify.
  1792 | D:3      | 1792 ||| IDENTIFYING glowing clear potion
  1805 | D:4      | Noticed a phantom
  1824 | D:4      | Killed a phantom
  1825 | D:4      | Reached XP level 5. HP: 28/46 MP: 5/5
  1833 | D:4      | HP: 11/46 [scorpion zombie (3)]
  1834 | D:4      | 1834 ||| DRINKING potion of heal wounds.
  1838 | D:4      | HP: 11/46 [water moccasin zombie (6)]
  1841 | D:4      | HP: 3/46 [orc/+0 whip (3)]
  1842 | D:4      | HP: 1/46 [scorpion zombie (2)]
  1843 | D:4      | Slain by a hound zombie

Levels and vault maps discovered:
D:1:      matt_arrival_diagonals, layout_loops_ring,
          dreamdust_ecumenical_altar_grove
D:2:      layout_rooms
D:3:      layout_rooms, uniq_robin
D:4:      layout_cave_pods, zin_purify, serial_shops, shop, serial_undead,
          serial_undead_a, serial_undead_a, serial_undead_c, serial_undead_d,
          ebering_ghost_sewer_d, serial_park_tiny_2, uniq_pikel, uniq_sigmund

Skill      XL: |  1  2  3  4 |
---------------+-------------+-----
Ranged Weapons | 3 4 5 |  5.2
Fighting       | 2 4 |  4.2
Dodging        | |  2.1
Spellcasting   | |  1.0
Hexes          | |  2.0

Action                     |  1- 3 |  4- 6 || total
---------------------------+-------+-------++-------
   Fire: Sling             |   110 |    99 ||   209
    Use: Scroll            |     8 |     1 ||     9
         Potion            |     1 |     2 ||     3
 Armour: Robe              |     5 |       ||     5
         Leather armour    |     8 |    74 ||    82
  Dodge: Dodged            |    40 |   100 ||   140

Table legend:
 A = Non-vault XP
 B = Vault XP
 C = Vault XP percentage of total XP
 D = Non-vault monster count
 E = Vault monster count
 F = Vault count percentage of total count
                 A         B        C        D         E       F
            +---------+---------+-------+---------+---------+-------
      Total |     140 |     245 |  63.6 |      63 |      14 |  18.2
            +---------+---------+-------+---------+---------+-------
        D:1 |      38 |       0 |   0.0 |      21 |       0 |   0.0
        D:2 |      45 |       0 |   0.0 |      16 |       0 |   0.0
        D:3 |      42 |      31 |  42.5 |      20 |       9 |  31.0
        D:4 |      15 |     214 |  93.4 |       6 |       5 |  45.5
            +---------+---------+-------+---------+---------+-------
